 Dungeon Crawl Stone Soup version 0.25-a0-41-g6cf4ce537d (webtiles) character file.

Game seed: 11997557427779593520, levelgen mode: deterministic

9 Alarkh the Skirmisher (level 2, 24/24 HPs)
             Began as a Demonspawn Fighter on Oct 21, 2019.
             Got out of the dungeon alive.
             The game lasted 00:00:07 (182 turns).

Alarkh the Skirmisher (Demonspawn Fighter)           Turns: 182, Time: 00:00:07

Health: 24/24      AC:  6    Str: 16    XL:     2   Next: 3%
Magic:  2/2        EV:  6    Int:  9    God:
Gold:   10         SH:  8    Dex: 12    Spells: 1/1 levels left

rFire    . . .     SeeInvis .   a - +0 long sword
rCold    . . .     Gourm    .   c - +0 shield
rNeg     . . .     Faith    .   b - +0 scale mail
rPois    .         Spirit   .   (no helmet)
rElec    .         Reflect  .   (no cloak)
rCorr    .         Harm     .   (no gloves)
MR       .....                  (no boots)
Stlth    ..........             (no amulet)
HPRegen  0.08/turn              (no ring)
MPRegen  0.08/turn              (no ring)

@: no status effects
A: claws 1
a: no special abilities


You escaped.
You were not hungry.

You visited 1 branch of the dungeon, and saw 1 of its levels.

You collected 10 gold pieces.

Inventory:

Hand Weapons
 a - a +0 long sword (weapon)
Armour
 b - a +0 scale mail (worn)
 c - a +0 shield (worn)
Scrolls
 e - a scroll of identify {unknown}
 g - a scroll of noise {unknown}
 h - a scroll of fog {unknown}
Potions
 d - a potion of might
Comestibles
 f - a ration
 i - 7 chunks of flesh


   Skills:
 - Level 3.0 Fighting
 + Level 2.5 Long Blades
 - Level 2.6 Armour
 - Level 2.6 Shields


You had one spell level left.
You didn't know any spells.
Your spell library was empty.

Dungeon Overview and Level Annotations

Branches:
Dungeon (1/15)

Altars:


Innate Abilities, Weirdness & Mutations

You have sharp fingernails.


Message History

You hit the kobold.
You kill the kobold!
A bat comes into view.
Found 12 gold pieces.
Items here: )))) †††† You block the bat's attack.
Your shield prevents you from hitting the bat.
You block the bat's attack.
You hit the bat.
You kill the bat!
You have reached level 2!
You feel monstrous as your demonic heritage exerts itself.
Your demonic ancestry asserts itself...
Your fingernails lengthen.
i - a chunk of flesh;
i - 4 chunks of flesh (gained 3)
i - 5 chunks of flesh (gained 1);
i - 7 chunks of flesh (gained 2)
Items here: )))) ÷÷÷÷ x2
There is a staircase leading out of the dungeon here.
Are you sure you want to leave the Dungeon?
This will make you lose the game!
You have escaped!

#.≈.# ###§≈≈≈ #.≈.#
#.#...§§. #.≈.#
#.#.≈≈≈.########
#.≈.#.#...§§§§........
#.§§..#.≈≈≈§§§§≈≈.###
#.≈§≈§#.≈§.§§...§§§.#
#.#§≈.#.§.≈≈§.≈.§≈§.###
#.#.≈...≈.....≈.§§≈...#
##
#.#.≈≈≈.≈≈≈.@.≈§§.≈§§.#..
#.#...≈§..≈.§..§§.§.≈.#.#
#.###.§≈§.≈.≈≈≈§§§#.§.#.#
#...#...≈.§§§...≈.#.§§≈.#
###.###.≈≈≈§≈.≈≈≈.#.§§§§#
#...........≈...#.#§≈§#
#########.§≈≈.#.#.#.≈§#
#.........≈...#.#.#.≈.#
######.≈≈≈≈.###.#.#§≈.#


There were no monsters in sight!

Vanquished Creatures
  4 hobgoblins (D:1)
  A kobold (D:1)
  2 bats (D:1)
7 creatures vanquished.

Vanquished Creatures (others)
  A leopard gecko (D:1)
  A frilled lizard (D:1)
2 creatures vanquished.

Grand Total: 9 creatures vanquished

Notes
Turn   | Place    | Note
-------+----------+-------------------------------------------
     0 | D:1      | Alarkh the Demonspawn Fighter began the quest for the Orb.
     0 | D:1      | Reached XP level 1. HP: 18/18 MP: 1/1
   132 | D:1      | Gained mutation: You have sharp fingernails. [demonic
                  | ancestry]
   132 | D:1      | Reached XP level 2. HP: 24/24 MP: 2/2
   182 | D:$      | Got out of the dungeon alive.

Levels and vault maps discovered:
D:1:      psy_arrival_radial02, layout_basic, lemuel_flame_loot_1

Skill      XL: |  1 |
---------------+----+-----
Long Blades    | 2 |  2.5
Fighting       | |  3.0
Armour         | |  2.6
Shields        | |  2.6

Action                   || total
-------------------------++-------
Melee: Long sword        ||    15
Armor: Scale mail        ||     4
Dodge: Dodged            ||     3
Block: Shield            ||     7

Table legend:
 A = Non-vault XP
 B = Vault XP
 C = Vault XP percentage of total XP
 D = Non-vault monster count
 E = Vault monster count
 F = Vault count percentage of total count
                 A         B        C        D         E       F
            +---------+---------+-------+---------+---------+-------
      Total |      13 |       0 |   0.0 |       7 |       0 |   0.0
            +---------+---------+-------+---------+---------+-------
        D:1 |      13 |       0 |   0.0 |       7 |       0 |   0.0
            +---------+---------+-------+---------+---------+-------
